 Dungeon Crawl Stone Soup version 0.30-a0-715-gdb4ae3ece1 (webtiles) character file.

Game seed: 10766675907484572117

80760 browni3141 the Fey Naga (level 15, -16/144 HPs)
             Began as a Naga Summoner on Jan 24, 2023.
             Was a Believer of Yredelemnul.
             Killed by the raging water
             ... invoked by a water nymph
              (30 damage)
             ... on level 1 of the Shoals.
             The game lasted 01:04:07 (23393 turns).

browni3141 the Fey Naga (Naga Summoner)            Turns: 23393, Time: 01:04:08

Health: -16/144    AC: 20    Str: 10    XL:     15   Next: 68%
Magic:  9/9        EV: 10    Int: 34    God:    Yredelemnul [**....]
Gold:   1712       SH: 12    Dex: 20    Spells: 1/34 levels left

rFire   + . .      SeeInvis +    A - +8 mace of Iconoclasm {antimagic, +Blink Int+3 Stlth+}
rCold   . . .      Faith    .    I - +0 kite shield {rN+}
rNeg    + . .      Spirit   .    n - +3 leather armour of the Blind Marksman {Fly rPois Int+4}
rPois   +          Reflect  .    v - +2 helmet
rElec   .          Harm     .    L - +0 cloak
rCorr   .          Rampage  .    t - +0 pair of gloves
Will    .....                    a - +2 barding {rF+}
Stlth   ++++                     K - amulet of regeneration
HPRegen 1.24/turn                Z - +6 ring of intelligence
MPRegen 0.11/turn                i - +6 ring of dexterity

@: lethally poisoned (-16 -> -17), weak-willed, engulfed (cannot breathe),
flying, very slow
A: AC +5, large, see invisible, deformed body, poison resistance, slowness 2,
spit poison 1, naga tail 2
a: Spit Poison, Renounce Religion, Evoke Blink, Recall Undead Harvest, Dark
Bargain


You were on level 1 of the Shoals.
You worshipped Yredelemnul.
Yredelemnul was pleased with you.
You visited 6 branches of the dungeon, and saw 24 of its levels.

You collected 1932 gold pieces.
You spent 220 gold pieces at shops.

Inventory:

Hand Weapons
 d - a +0 spear
 e - a +0 sling
 A - the +8 mace of Iconoclasm (weapon) {antimagic, +Blink Int+3 Stlth+}
   (You found it on level 4 of the Dungeon)

   Int:       It affects your intelligence (+3).
   +Blink:    It lets you blink.
   Stlth:     It makes you more stealthy.
Missiles
 p - a throwing net
Armour
 a - a +2 barding of fire resistance (worn)
 j - a +2 barding of flying
 n - the +3 leather armour of the Blind Marksman (worn) {Fly rPois Int+4}
   (You found it on level 2 of the Dungeon)

   Int:       It affects your intelligence (+4).
   rPois:     It protects you from poison.
   Fly:       It grants you flight.
 t - a +0 pair of gloves (worn)
 v - a +2 helmet (worn)
 I - a +0 kite shield of positive energy (worn)
 L - a +0 cloak (worn)
Jewellery
 c - a ring of protection from fire
 i - a +6 ring of dexterity (right hand)
 K - an amulet of regeneration (around neck)
 Z - a +6 ring of intelligence (left hand)
Wands
 P - a wand of polymorph (15)
 Q - a wand of flame (30)
 R - a wand of quicksilver (10)
 V - a wand of mindburst (5)
 W - a wand of iceblast (13)
Scrolls
 f - 2 scrolls of blinking
 l - 3 scrolls of vulnerability
 o - a scroll of magic mapping
 q - 10 scrolls of teleportation
 x - 8 scrolls of noise
 y - 2 scrolls of immolation
 E - 2 scrolls of fog
 F - a scroll of enchant armour
 H - 6 scrolls of fear
 J - a scroll of amnesia
 N - 2 scrolls of poison
 O - 2 scrolls of silence
 S - 2 scrolls of brand weapon
 U - a scroll of torment
 X - 2 scrolls of enchant weapon
 Y - 3 scrolls of identify
Potions
 b - 4 potions of magic
 g - 4 potions of berserk rage
 h - 2 potions of haste
 k - 2 potions of resistance
 m - 4 potions of degeneration
 r - 6 potions of brilliance
 s - 4 potions of flight
 u - 4 potions of lignification
 w - 5 potions of mutation
 z - 5 potions of attraction
 C - 6 potions of curing
 D - 5 potions of invisibility
 G - 5 potions of might
 M - 12 potions of ambrosia
Miscellaneous
 T - a phial of floods


   Skills:
 - Level 12.0 Fighting
 * Level 6.8 Dodging
 - Level 6.0 Stealth
 - Level 10.0 Shields
 * Level 10.3 Spellcasting
 - Level 4.0 Hexes
 - Level 10.0 Summonings
 - Level 8.0 Translocations
 - Level 5.0 Air Magic
 - Level 12.0 Invocations
 - Level 5.0 Evocations


You had one spell level left.
You knew the following spells:

 Your Spells              Type           Power      Damage    Failure   Level
a - Airstrike             Air            25%        2d(4-20)  9%          4
c - Call Canine Familiar  Summ           71%        N/A       1%          3
d - Summon Guardian Gole  Hex/Summ       60%        N/A       1%          3
e - Summon Lightning Spi  Summ/Air       62%        N/A       3%          4
f - Passage of Golubria   Tloc           64%        N/A       2%          4
g - Gell's Gravitas       Tloc           64%        N/A       1%          3
h - Teleport Other        Tloc           64%        N/A       1%          3
i - Summon Mana Viper     Hex/Summ       60%        N/A       10%         5
j - Iskenderun's Mystic   Conj/Tloc      44%        2d10      12%         4

Your spell library contained the following spells:

 Spells                   Type           Power      Damage    Failure   Level
 Apportation              Tloc           100%       N/A       1%          1
 Slow                     Hex            100%       N/A       1%          1
 Summon Small Mammal      Summ           100%       N/A       1%          1
 Shock                    Conj/Air       100%       1d9       2%          1
 Foxfire                  Conj/Fire      68%        2x1d7     6%          1
 Sandblast                Erth           34%        2d9       6%          1
 Call Imp                 Summ           71%        N/A       1%          2
 Lesser Beckoning         Tloc           100%       N/A       1%          2
 Portal Projectile        Hex/Tloc       100%       N/A       1%          3
 Swiftness                Air            51%        N/A       2%          3
 Confusing Touch          Hex            44%        N/A       3%          3
 Kindle Blastsparks       Fire/Tloc/Air  94%        2d17      3%          3
 Tukima's Dance           Hex            44%        N/A       3%          3
 Animate Armour           Summ/Erth      100%       N/A       9%          4
 Passwall                 Tmut/Erth      14%        N/A       10%         2
 Scorch                   Fire           34%        2d6       10%         2
 Hailstorm                Conj/Ice       17%        3d6       19%         3
 Vampiric Draining        Necr           17%        2d7       19%         3
 Fulminant Prism          Conj/Hex       15%        3d11      28%         4
 Leda's Liquefaction      Hex/Erth       15%        N/A       28%         4
 Ice Form                 Ice/Tmut       17%        N/A       54%         4
 Sticky Flame             Conj/Fire      17%        2d4       54%         4
 Lightning Bolt           Conj/Air       17%        1d31      54%         5
 Yara's Violent Unravell  Hex/Tmut       15%        3d8       61%         5
 Alistair's Intoxication  Tmut/Pois      11%        N/A       87%         5
 Fireball                 Conj/Fire      8%         3d6       87%         5
 Lee's Rapid Deconstruct  Erth           8%         3d7*      87%         5
 Iron Shot                Conj/Erth      8%         9d3       100%        6
 Starburst                Conj/Fire      8%         6d4       100%        6
 Statue Form              Tmut/Erth      11%        N/A       100%        6
 Haunt                    Necr/Summ      25%        N/A       100%        7
 Infestation              Necr           8%         N/A       100%        8
 Fire Storm               Conj/Fire      8%         8d2       100%        9
 Animate Dead             Necr           Unusable   N/A       N/A         4
 Simulacrum               Ice/Necr       Unusable   N/A       N/A         6

Dungeon Overview and Level Annotations

Branches:
Dungeon (15/15)            Temple (1/1) D:4            Lair (5/5) D:8
 Shoals (1/4) Lair:2       Spider (1/4) Lair:2        Slime (0/5) Lair:5
    Orc (1/2) D:11         Vaults (0/5) D:13         Depths (0/4) D:15

Altars:
Ashenzari
Dithmenos
Elyvilon
Fedhas
Gozag
Hepliaklqana
Kikubaaqudgha
Makhleb
Nemelex Xobeh
Okawaru
Qazlal
Sif Muna
Trog
Uskayaw
Vehumet
Wu Jian
Xom
Yredelemnul
The Shining One
Jiyva
Lugonu

Shops:
D:9 =   D:14 !

Portals:
Abyss: Lair:5

Annotations:
D:13 4 transporters


Innate Abilities, Weirdness & Mutations

Your serpentine skin is tough. (AC +5)
You have supernaturally acute eyesight. (SInv)
Armour fits poorly on your strangely shaped body.
Your system is resistant to poisons. (rPois)
You cover ground very slowly.
You can spit poison.
You can use your snake-like lower body to constrict enemies.


Message History

The merfolk hits you but does no damage.
The water elemental hits your mana viper!
Your faun zombie hits the faun but does no damage.
The water elemental hits you.
The water elemental engulfs you in water!
You sock the faun!
You kill the faun!
You hear a splash. x2
The dead are walking!
You can now trade souls for undead servants.
Your lungs strain for air!
You feel sick.
Your mana viper is asphyxiated!
Your mana viper splashes around in the water.
Your warg misses the sea snake. The sea snake barely misses you.
Your mana viper bites the water elemental!
You block the merfolk's attack.
The water elemental misses your mana viper.
Your warg bites the sea snake!
You block the water elemental's attack.
Your faun zombie splashes around in the water.
You block the merfolk's attack. You block the sea snake's attack.
You slip free of the water engulfing you.
A manticore comes into view.
* * * LOW HITPOINT WARNING * * *
Your lungs strain for air!
You feel sick.
Your mana viper is asphyxiated!
Your mana viper disappears in a puff of smoke!
The water nymph gestures at you while chanting.
The water rises up and strikes you!!
* * * LOW HITPOINT WARNING * * *
Your warg bites the sea snake!
The water elemental hits your faun zombie!
You block the water elemental's attack. The merfolk closely misses you.
Your faun zombie closely misses the merfolk.
The merfolk barely misses you. The water nymph casts a spell at you.
The water rises up and strikes you!!
You die...
Your body rises from the dead as a mindless zombie.

~~~≈≈~~~.~~~~~~
~~~≈≈~~~~~~~~~~
~~~~~~~~~~~~~~~~
≈~~~~~~~~~...~~~
~~~~~~~~~.# ..~~
~~~....<~.##..~~
~~~..##~~~~..~~~~
~~~.###~ZZE~~~~~~
P~...Hm@Em~~~~≈≈~
P~..###.Sh~~~~≈≈~
P~ #...~~~~~~~
##...~~~~~~
##..~~~~~~
.....~~~~
###..~~~~ ..~m~~
.#.~~~


You could see a sea snake (ally target), 2 merfolk, a manticore, 2 water
elementals, a water nymph, a friendly warg (summoned) and 2 friendly faun
zombies.

Vanquished Creatures
  An ironbound preserver (D:13)
  2 boulder beetles
  2 centaur warriors
  2 two-headed ogres
  A skeletal warrior (D:13)
  A faun (Shoals:1)
  2 ugly things (Lair:5)
  A cyclops (D:13)
  2 manticores (D:15)
  2 elephants
  A torpor snail (Lair:4)
  A gargoyle (D:13)
  A cane toad (Lair:4)
  A smoke demon (Lair:5)
  A centaur skeleton (D:15)
  3 rime drakes
  An unseen horror (D:12)
  A komodo dragon (Lair:4)
  A queen bee (shapeshifter) (Lair:5)
  A polar bear (Lair:4)
  A tyrant leech (Lair:3)
  3 blink frogs
  A slime creature (D:14)
  A centaur simulacrum (D:15)
  A shadow (D:11)
  A ynoxinul (D:12)
  2 culicivoras
  2 water elementals
  5 yaks
  Eustachio (D:4)
  Menkaure (D:4)
  A swamp worm (Lair:3)
  4 water moccasins
  A sky beast (D:6)
  An ogre (D:15)
  3 wolves
  6 centaurs
  A kobold brigand (D:8)
  2 bullfrogs
  2 gnoll sergeants
  3 scorpions
  13 killer bees
  2 electric eels
  A small abomination (Lair:5)
  A howler monkey (D:8)
  4 jellies
  4 orc priests
  2 iguanas
  5 orc wizards
  A mummy (D:5)
  10 gnolls
  3 adders
  2 white imps
  A dart slug (D:2)
  20 orcs
  6 ball pythons
  3 endoplasms
  3 giant cockroaches
  9 goblins
  7 hobgoblins
  7 quokkas
  A bat (D:1)
  2 frilled lizards
  A hobgoblin zombie (D:5)
  8 kobolds
  2 kobold zombies (D:5)
  An orc zombie (D:5)
  2 rats
192 creatures vanquished.

Vanquished Creatures (collateral kills)
  Snorg (Lair:4)
  The ghost of Sabo the Geomancer, a journeyman FoEE of Ashenzari (D:12)
  An ogre mage (D:15)
  5 centaur warriors
  A catoblepas (Lair:1)
  3 two-headed ogres
  2 tengu warriors (D:14)
  A merfolk aquamancer (Shoals:1)
  3 boulder beetles
  3 death yaks
  3 thrashing horrors (Lair:5)
  A pharaoh ant (Spider:1)
  An orb spider (Spider:1)
  2 skeletal warriors (D:13)
  4 wizards
  A harpy (shapeshifter) (D:13)
  2 deep elf pyromancers
  13 ugly things
  A necromancer (D:15)
  4 cyclopes
  2 manticores
  A faun (Shoals:1)
  2 large abominations (Lair:5)
  An orc sorcerer (D:15)
  A shining eye (Lair:5)
  4 elephants
  A black mamba (Lair:1)
  2 centaur zombies (D:12)
  A merfolk siren (Lair:2)
  A demonic crawler (Spider:1)
  5 cane toads
  3 rime drakes
  Maggie (D:9)
  An unseen horror (D:10)
  A freezing wraith (D:15)
  9 komodo dragons
  A tengu conjurer (D:13)
  An ancient zyme (Lair:5)
  A troll (D:11)
  3 polar bears
  A hornet (D:10)
  12 blink frogs
  2 jumping spiders (Lair:2)
  A centaur simulacrum (D:15)
  5 slime creatures
  A spriggan (Lair:5)
  18 yaks
  5 wraiths
  2 ynoxinuls (Lair:5)
  A wyvern (Lair:1)
  3 redbacks (Spider:1)
  2 water elementals
  4 basilisks
  5 vampire mosquitoes
  2 swamp worms (Lair:3)
  11 water moccasins
  3 acid dragons
  3 orc warriors
  An ice beast (D:6)
  A black bear (shapeshifter) (D:13)
  A black bear (Lair:3)
  An ogre (D:15)
  7 wolves
  8 centaurs
  11 small abominations (Lair:5)
  A phantom (D:4)
  6 bullfrogs
  A necrophage (D:5)
  A bullfrog (shapeshifter) (D:14)
  A gnoll sergeant (D:6)
  A scorpion (D:6)
  A scorpion (shapeshifter) (Lair:5)
  21 killer bees
  3 howler monkeys
  An electric eel (D:14)
  A crimson imp (D:9)
  2 jellies (D:6)
  3 orc priests
  A hound (D:6)
  2 orc wizards
  An iguana (D:6)
  Robin (D:4)
  5 gnolls
  2 adders
  A worm (D:2)
  15 orcs
  2 ball pythons (D:1)
  5 goblins
  4 hobgoblins
  A quokka (D:1)
  A bat (D:1)
  A frilled lizard (D:1)
  2 kobolds
  2 butterflies
295 creatures vanquished.

Vanquished Creatures (others)
  Nessos (D:14)
  A hydra (Lair:2)
  2 centaur warriors
  2 two-headed ogres (D:15)
  A tengu warrior (D:15)
  A death yak (Lair:2)
  A wizard (D:14)
  6 ugly thing zombies
  A harpy (shapeshifter) (Lair:5)
  A cyclops (D:11)
  A manticore (D:14)
  An ugly thing (D:15)
  2 elephants (Lair:1)
  A black mamba (Lair:3)
  3 slime creatures
  A spectral lindwurm (Lair:5)
  An unseen horror zombie (D:12)
  A harpy zombie (Lair:5)
  A hornet (D:8)
  A queen bee (D:9)
  A boulder beetle zombie (D:13)
  2 water elementals (D:14)
  A wyvern (Lair:1)
  5 slime creature zombies
  2 human zombies (D:15)
  2 two-headed ogre zombies
  2 tengu zombies (D:14)
  2 cane toad zombies
  An ice beast (D:6)
  2 hornet zombies
  An orc warrior (D:8)
  A manticore zombie (D:14)
  A blink frog zombie (Lair:3)
  3 elephant zombies
  A spectral ynoxinul (Lair:5)
  A vampire mosquito zombie (D:13)
  3 rime drake zombies
  2 komodo dragon zombies (Lair:5)
  A cyclops zombie (D:12)
  A wyvern zombie (Lair:1)
  4 water moccasin zombies
  2 yak zombies
  2 queen bee zombies
  2 killer bees (D:9)
  2 wolf zombies
  A howler monkey (D:8)
  2 bullfrog zombies
  11 centaur zombies
  3 basilisk zombies
  A black bear zombie (Lair:3)
  A gnoll bouda (D:6)
  2 scorpion zombies
  An orc wizard (D:10)
  A boggart skeleton (D:15)
  13 killer bee zombies
  2 acid dragon zombies
  An ogre zombie (D:15)
  A hound zombie (D:6)
  A spectral electric eel (D:14)
  2 howler monkey zombies
  An adder zombie (D:6)
  An iguana zombie (D:6)
  A spectral white imp (D:7)
  A jelly zombie (D:6)
  An orc (D:8)
  10 gnoll zombies
  11 orc zombies
  34 fungi
  28 plants
208 creatures vanquished.

Grand Total: 695 creatures vanquished

Notes
Turn   | Place    | Note
-------+----------+-------------------------------------------
     0 | D:1      | browni3141 the Naga Summoner began the quest for the Orb.
     0 | D:1      | Reached XP level 1. HP: 15/15 MP: 3/3
   107 | D:1      | Reached skill level 1 in Fighting
   153 | D:1      | Reached XP level 2. HP: 25/25 MP: 3/5
   301 | D:1      | Learned a level 2 spell: Call Imp
   599 | D:2      | Reached XP level 3. HP: 31/31 MP: 0/6
   770 | D:2      | Identified the +3 leather armour of the Blind Marksman {Fly
                  | rPois Int+4}
   792 | D:2      | Learned a level 3 spell: Call Canine Familiar
   834 | D:2      | Reached skill level 5 in Summonings
  1455 | D:3      | Found a sparkling altar of Nemelex Xobeh.
  1505 | D:3      | Reached XP level 4. HP: 37/38 MP: 7/7
  2183 | D:4      | Noticed Robin
  2246 | D:4      | Identified the +1 ring mail of Hadjma {-Cast -Tele Rampage
                  | rPois}
  2339 | D:4      | Noticed a phantom
  2344 | D:4      | Noticed Eustachio
  2361 | D:4      | Killed a phantom
  2362 | D:4      | Reached XP level 5. HP: 43/44 MP: 1/9
  2403 | D:4      | Killed Eustachio
  2404 | D:4      | Reached XP level 6. HP: 41/51 MP: 0/12
  2515 | D:4      | Noticed Menkaure
  2518 | D:4      | Killed Menkaure
  2519 | D:4      | Reached skill level 5 in Spellcasting
  2616 | D:4      | Killed Robin
  2617 | D:4      | Reached XP level 7. HP: 49/57 MP: 9/14
  2689 | D:4      | Found a staircase to the Ecumenical Temple.
  2697 | Temple   | Entered the Ecumenical Temple
  2721 | Temple   | Became a worshipper of Yredelemnul the Dark
  2795 | D:4      | Identified the +8 mace of Iconoclasm {antimagic, +Blink
                  | Int+3 Stlth+}
  3260 | D:5      | Entered Level 5 of the Dungeon
  3357 | D:5      | Learned a level 3 spell: Summon Guardian Golem
  3419 | D:5      | Reached skill level 1 in Hexes
  4161 | D:6      | Reached XP level 8. HP: 64/64 MP: 6/18
  4199 | D:6      | Reached * piety under Yredelemnul
  5047 | D:6      | Reached skill level 1 in Shields
  5047 | D:6      | Reached XP level 9. HP: 56/70 MP: 5/22
  5182 | D:7      | Found an ancient bone altar of Kikubaaqudgha.
  5629 | D:7      | Found a burning altar of Makhleb.
  5972 | D:8      | Reached skill level 10 in Spellcasting
  6124 | D:8      | Identified a scroll of acquirement
  6125 | D:8      | Acquired a +2 barding of flying
  6206 | D:8      | Found a staircase to the Lair.
  6208 | D:8      | Got Gimotek's Almanac of Conflagrant Destruction
  6298 | D:8      | Noticed a hornet
  6309 | D:8      | Killed a hornet
  6310 | D:8      | Reached skill level 5 in Shields
  6812 | D:9      | Reached XP level 10. HP: 85/85 MP: 8/24
  6908 | D:9      | Reached skill level 5 in Fighting
  6908 | D:9      | Reached skill level 1 in Invocations
  6969 | D:9      | Learned a level 4 spell: Summon Lightning Spire
  7003 | D:9      | Reached skill level 1 in Air Magic
  7167 | D:9      | Reached ** piety under Yredelemnul
  7354 | D:9      | Noticed Maggie
  7364 | D:9      | Killed Maggie
  7393 | D:9      | Found Latirhuf's Jewellery Emporium.
  7479 | D:9      | Noticed a wizard
  7515 | D:10     | Entered Level 10 of the Dungeon
  7783 | D:10     | Reached skill level 5 in Invocations
  7872 | D:10     | Noticed an unseen horror
  7881 | D:10     | Killed an unseen horror
  7975 | D:10     | Noticed a two-headed ogre
  7977 | D:10     | Reached XP level 11. HP: 63/94 MP: 8/25
  7984 | D:10     | Killed a two-headed ogre
  8125 | D:10     | Reached *** piety under Yredelemnul
  8833 | D:11     | You are sucked into a shaft and drop 2 floors!
  8837 | D:13     | Noticed a centaur warrior
  9067 | D:13     | Noticed a red ugly thing
  9076 | D:13     | Killed a centaur warrior
  9076 | D:13     | Killed a red ugly thing
  9129 | D:13     | Noticed a boulder beetle
  9142 | D:13     | Killed a boulder beetle
  9306 | D:13     | Noticed a boulder beetle
  9307 | D:13     | Noticed a deep elf pyromancer
  9319 | D:13     | Noticed a centaur warrior
  9324 | D:13     | Noticed an ironbound preserver
  9324 | D:13     | Killed a deep elf pyromancer
  9345 | D:13     | Killed an ironbound preserver
  9346 | D:13     | Reached skill level 10 in Summonings
  9351 | D:13     | Killed a centaur warrior
  9437 | D:12     | Noticed Sabo's ghost (journeyman FoEE)
  9487 | D:12     | Found a runed translucent door.
  9643 | D:11     | Noticed a cyclops
  9656 | D:11     | Killed a cyclops
  9694 | D:11     | Found a staircase to the Orcish Mines.
 10041 | D:11     | Found a shimmering blue altar of Sif Muna.
 10281 | D:11     | Reached XP level 12. HP: 100/110 MP: 21/26
 10483 | Lair:1   | Entered Level 1 of the Lair of Beasts
 10627 | Lair:1   | Reached skill level 5 in Air Magic
 11006 | Lair:1   | Reached skill level 1 in Evocations
 11007 | Lair:1   | Reached **** piety under Yredelemnul
 11036 | Lair:1   | Reached ***** piety under Yredelemnul
 11268 | Lair:1   | Reached skill level 10 in Invocations
 11458 | Lair:1   | Noticed a catoblepas
 11464 | Lair:1   | Killed a catoblepas
 11505 | Lair:2   | Noticed a four-headed hydra
 11706 | Lair:2   | Killed a four-headed hydra
 11707 | Lair:2   | Reached skill level 5 in Evocations
 11829 | Lair:2   | Noticed a death yak
 11829 | Lair:2   | Noticed a death yak
 11830 | Lair:2   | Noticed a death yak
 11851 | Lair:2   | Killed a death yak
 11852 | Lair:2   | Reached skill level 5 in Stealth
 11853 | Lair:2   | Killed a death yak
 11856 | Lair:2   | Killed a death yak
 12158 | Lair:2   | Found a staircase to the Shoals.
 12208 | Lair:2   | Noticed a boulder beetle
 12220 | Lair:2   | Killed a boulder beetle
 12221 | Lair:2   | Gained mutation: You can use your snake-like lower body to
                  | constrict enemies. [Naga growth]
 12221 | Lair:2   | Reached XP level 13. HP: 117/117 MP: 13/27
 12611 | Lair:2   | Found a hole to the Spider Nest.
 13492 | Lair:4   | Learned a level 4 spell: Passage of Golubria
 13617 | Lair:4   | Learned a level 3 spell: Gell's Gravitas
 13702 | Lair:4   | Reached skill level 1 in Translocations
 13927 | Lair:4   | Noticed Snorg
 13939 | Lair:4   | Killed Snorg
 14244 | Lair:4   | Learned a level 3 spell: Teleport Other
 14271 | Lair:5   | Entered Level 5 of the Lair of Beasts
 14928 | Lair:5   | Found a staircase to the Slime Pits.
 14928 | Lair:5   | Found a viscous altar of Jiyva.
 15303 | Lair:5   | Noticed Josephine
 15317 | Lair:5   | Josephine changed into Josephine the shining eye
 15317 | Lair:5   | Noticed Josephine
 15323 | Lair:5   | Killed Josephine the shining eye
 15324 | Lair:5   | Reached skill level 5 in Translocations
 15848 | Lair:5   | Reached XP level 14. HP: 129/129 MP: 28/28
 16963 | Lair:5   | Found a corrupted altar of Lugonu.
 16963 | Lair:5   | Found a one-way gate to the infinite horrors of the Abyss.
 17444 | D:9      | Got Sif Muna's Cyclopedia of Doomed Rallying
 17451 | D:9      | Learned a level 5 spell: Summon Mana Viper
 17610 | Orc:1    | Entered Level 1 of the Orcish Mines
 17814 | D:12     | Found a basalt altar of Yredelemnul.
 18532 | D:12     | Killed Sabo's ghost
 18540 | D:12     | Got the Codex of Talus
 18708 | D:13     | Found a transporter.
 18720 | D:13     | Found a transporter.
 18766 | D:13     | Found a transporter.
 18770 | D:13     | Found a transporter.
 18904 | D:13     | Reached skill level 10 in Fighting
 19225 | D:13     | Found a gate to the Vaults.
 20145 | D:14     | Found Qediz's Distillery.
 20195 | D:14     | Bought a potion of attraction for 33 gold pieces
 20195 | D:14     | Bought a potion of resistance for 110 gold pieces
 20195 | D:14     | Bought a potion of lignification for 33 gold pieces
 20195 | D:14     | Bought a potion of might for 44 gold pieces
 20218 | D:14     | Noticed Nessos
 20260 | D:14     | Killed Nessos
 20515 | D:14     | Reached skill level 10 in Shields
 20707 | D:14     | Reached XP level 15. HP: 142/142 MP: 26/29
 21139 | D:15     | Entered Level 15 of the Dungeon
 21236 | D:15     | Found a white marble altar of Elyvilon.
 21721 | D:15     | Found a staircase to the Depths.
 21955 | D:15     | Found an iron altar of Okawaru.
 22124 | D:15     | Reached skill level 5 in Dodging
 22822 | D:15     | Learned a level 4 spell: Iskenderun's Mystic Blast
 22829 | D:15     | Learned a level 4 spell: Airstrike
 23044 | Spider:1 | Entered Level 1 of the Spider Nest
 23366 | Shoals:1 | Entered Level 1 of the Shoals
 23393 | Shoals:1 | Killed from afar by a water nymph

Illustrated notes

Levels and vault maps discovered:
D:1:      tarquinn_simple_flora_water_a, layout_basic
D:2:      layout_loops_cross
D:3:      layout_loops_ring, amcnicky_altar_gilded, saegor_snake_ambush
D:4:      layout_loops_ring, minmay_temple_entry_enclosed_plants, uniq_menkaure,
          uniq_eustachio, uniq_robin
D:5:      layout_basic, minmay_mini_ossuary
D:6:      layout_cave_pools, st_stairs_2
D:7:      layout_rooms, mainiacjoe_overflow_cross_hatched,
          mainiacjoe_overflow_brackets
D:8:      layout_loops_cross, lair_entry_dummy
D:9:      layout_roguey [special_room_bee], serial_shops, kennysheep_little_box,
          lightli_wizard_tower, uniq_maggie
D:10:     layout_loops_corners
D:11:     layout_loops_corners, minmay_orc_entry_temple_small,
          lemuel_blue_sif_altar
D:12:     layout_basic, hellmonk_ghost_big_iron, lemuel_zombie_altar_yredelemnul
D:13:     layout_stronghold, skrybe_vaults_entry_preservation,
          nicolae_transporter_circle
D:14:     layout_basic, serial_shops, nicolae_shop_hallway_plus,
          kennysheep_path_1, uniq_nessos
D:15:     grunt_enter_depths_magical_seal, layout_basic,
          nicolae_elyvilon_temple_path, okawaru_altar_gauntlet_db
Temple:   hellmonk_temple_of_storms
Lair:1:   layout_regular_city, hibernation_bobbens
Lair:2:   layout_layer_cave, minmay_shoals_entry_lonely_mermaid,
          spider_nest_entry_rubble, special_room, st_stairs_9,
          eino_small_chamber_without_monster, grunt_megastairs_2,
          lemuel_fruit_fields, serial_bayou_shore_b
Lair:3:   layout_loops_ring, worms_lemuel
Lair:4:   layout_gridlike, infiniplex_staircase_pool_2, lemuel_fruit_fields,
          grunt_megastairs_3, serial_bayou_shore_a, uniq_snorg
Lair:5:   hellmonk_lair_end_abyssal_woods, layout_big_grid,
          minmay_slime_entry_pillars, lemuel_fruit_tree, uniq_josephine
Shoals:1: layout_shoals, hellmonk_ghost_happy_afterlife,
          nicolae_shoals_nymph_descending_staircase
Spider:1: layout_spider_delve, nicolae_spider_webs_and_nodes
Orc:1:    layout_caves, basic_altar

Skill      XL: |  1  2  3  4  5  6  7  8  9 10 11 12 13 14 15 |
---------------+----------------------------------------------+-----
Fighting       | 1 4 5 7 8 9 11 12 | 12.0
Summonings     | 5 6 7 10 | 10.0
Spellcasting   | 3 4 5 6 9 10 | 10.3
Hexes          | 2 4 |  4.0
Shields        | 1 5 6 8 10 | 10.0
Invocations    | 5 8 10 11 12 | 12.0
Air Magic      | 4 5 |  5.0
Evocations     | 5 |  5.0
Stealth        | 6 |  6.0
Translocations | 5 8 |  8.0
Dodging        | 6 |  6.8

Action                     |  1- 3 |  4- 6 |  7- 9 | 10-12 | 13-15 || total
---------------------------+-------+-------+-------+-------+-------++-------
  Melee: Unarmed           |     4 |       |       |       |       ||     4
         Spear             |    75 |    75 |     9 |   192 |   799 ||  1150
         Punch             |     1 |     1 |       |       |       ||     2
         Mace              |       |       |   196 |   129 |     9 ||   334
         Constrict         |       |       |       |       |   125 ||   125
   Cast: Summon Small Mamm |    11 |     3 |     2 |       |       ||    16
         Call Imp          |     2 |     4 |     2 |     2 |     1 ||    11
         Call Canine Famil |       |     6 |    21 |    27 |    71 ||   125
         Summon Guardian G |       |       |     8 |    11 |    25 ||    44
         Summon Lightning  |       |       |       |    18 |    33 ||    51
         Gell's Gravitas   |       |       |       |       |     1 ||     1
         Summon Mana Viper |       |       |       |       |    13 ||    13
         Iskenderun's Myst |       |       |       |       |     2 ||     2
 Invoke: Recall Undead Har |       |       |       |     3 |     3 ||     6
         Bind Soul         |       |       |       |       |     1 ||     1
Ability: Spit Poison       |     9 |     3 |    10 |     9 |     5 ||    36
  Evoke: Phial of floods   |       |       |       |     1 |     3 ||     4
         Wand              |       |       |       |       |    11 ||    11
    Use: Scroll            |     5 |     1 |     8 |    12 |     6 ||    32
         Potion            |       |       |     1 |     1 |     6 ||     8
   Stab: Sleeping          |     8 |       |     6 |     3 |     5 ||    22
         Distracted        |       |       |     2 |     5 |    28 ||    35
 Armour: Robe              |     5 |       |       |       |       ||     5
         Leather armour    |    16 |    58 |   144 |   277 |   499 ||   994
  Dodge: Dodged            |    42 |    57 |   137 |   115 |   244 ||   595
  Block: Kite shield       |       |       |    96 |   228 |   562 ||   886

Table legend: (Time is in decaauts)
 A = Elapsed time spent in this place.
 B = Non-inter-level travel time spent in this place.
 C = Inter-level travel time spent in this place.
 D = Time resting spent in this place.
 E = Time spent auto-exploring this place.
 F = Levels seen in this place.
 G = Mean time per level.
                   A        B        C        D        E       F      G
               +--------+--------+--------+--------+--------+-----+--------+
         Total |  29693 |  27577 |   2116 |   2903 |  19126 |  24 | 1237.2 |
       Dungeon |  20518 |  19014 |   1504 |   1397 |  13695 |  15 | 1367.9 |
        Temple |     63 |     35 |     28 |      0 |     12 |   1 |   63.0 |
          Lair |   8895 |   8313 |    582 |   1411 |   5411 |   5 | 1779.0 |
        Shoals |     32 |     32 |      0 |      0 |      0 |   1 |   32.0 |
   Spider Nest |    182 |    182 |      0 |     95 |      7 |   1 |  182.0 |
  Orcish Mines |      1 |      1 |      0 |      0 |      0 |   1 |    1.0 |
               +--------+--------+--------+--------+--------+-----+--------+

Top non-repeatable levels by time:
  Lair:5: 2889 daAuts
    D:13: 2100 daAuts
    D:15: 2085 daAuts
  Lair:2: 1886 daAuts
    D:14: 1746 daAuts
  Lair:1: 1578 daAuts
    D:12: 1568 daAuts
    D:11: 1568 daAuts
    D:10: 1556 daAuts
  Lair:4: 1392 daAuts
     D:9: 1331 daAuts
     D:4: 1309 daAuts
     D:3: 1267 daAuts
     D:5: 1154 daAuts
  Lair:3: 1148 daAuts
